 Dungeon Crawl Stone Soup version 0.27-a0-951-gae3e1deef5 (webtiles) character file.

Game seed: 521887538621293544

8684 jasper the Fighter (level 11, -6/90 HPs)
             Began as a Demonspawn Artificer on Apr 11, 2021.
             Mangled by a wolf spider (11 damage)
             ... on level 10 of the Dungeon.
             The game lasted 00:23:07 (14806 turns).

jasper the Fighter (Demonspawn Artificer)          Turns: 14806, Time: 00:23:08

Health: -6/90      AC: 14    Str: 12    XL:     11   Next: 13%
Magic:  8/8        EV: 12    Int: 17    God:
Gold:   477        SH:  5    Dex: 13    Spells: 7/10 levels left

rFire    + . .     SeeInvis .     - Unarmed
rCold    . . .     Faith    .   (no shield)
rNeg     . . .     Spirit   .   g - +0 ring mail
rPois    .         Reflect  +   t - +0 helmet of Laut {rF+ rCorr MP-9}
rElec    .         Harm     .   k - +1 cloak
rCorr    +         Rampage  .   (no gloves)
Will     .....                  E - +2 pair of boots
Stlth    +.........             r - amulet of reflection
HPRegen  0.25/turn              (no ring)
MPRegen  0.22/turn              (no ring)

@: about to teleport
A: hooves 1, icy blue scales 2, magic regeneration, demonic magic 2
a: no special abilities


You were on level 10 of the Dungeon.
You visited 3 branches of the dungeon, and saw 12 of its levels.
You also visited: Sewer.

You collected 477 gold pieces.

Inventory:

Hand Weapons
 a - a +0 club
 i - a +3 short sword of venom
Missiles
 j - 245 stones
 o - 31 poisoned darts
 v - 5 boomerangs (quivered)
 C - 2 throwing nets
Armour
 g - a +0 ring mail (worn)
 k - a +1 cloak (worn)
 p - a +0 hat of willpower
 t - the +0 helmet of Laut (worn) {rF+ rCorr MP-9}
   (You acquired it on level 8 of the Dungeon)

   It protects you from fire.
   It affects your magic capacity (-9).
   It protects you from acid and corrosion.
 E - a +2 pair of boots (worn)
 F - a +0 troll leather armour
Magical Staves
 y - a staff of conjuration
Jewellery
 f - a ring of ice
 h - the amulet "Gerhum" {Spirit *Slow rN+ Str+3 Int+6}
   (You acquired it on level 3 of the Dungeon)

   [amulet of guardian spirit]

   It causes incoming damage to be divided between your reserves of health and
   magic.
   It affects your strength (+3).
   It affects your intelligence (+6).
   It protects you from negative energy.
   It may slow you when you take damage.
 r - an amulet of reflection (around neck)
Wands
 b - a wand of flame (38)
 d - a wand of charming (9)
 e - a wand of random effects (33)
Scrolls
 l - a scroll of enchant armour
 m - 4 scrolls of teleportation
 u - a scroll of identify
 A - a scroll of immolation
 D - a scroll of summoning {unknown}
Potions
 c - 4 potions of flight
 n - a potion of ambrosia
 s - 4 potions of curing
 w - a potion of haste {unknown}
 x - 2 potions of invisibility {unknown}
 z - a potion of cancellation {unknown}
 B - a potion of attraction {unknown}
Miscellaneous
 q - a tin of tremorstones (inert)
 G - a phantom mirror (inert)


   Skills:
 - Level 10.0 Fighting
 - Level 1.7 Armour
 + Level 4.8 Dodging
 - Level 0.8 Stealth
 - Level 10.0 Unarmed Combat
 + Level 3.4 Translocations
 * Level 8.2 Invocations
 - Level 3.0 Evocations


You had 7 spell levels left.
You knew the following spells:

 Your Spells              Type           Power      Damage    Failure   Level
a - Apportation           Tloc           22%        N/A       13%         1
b - Blink                 Tloc           N/A        N/A       21%         2

Your spell library contained the following spells:

 Spells                   Type           Power      Damage    Failure   Level
 Magic Dart               Conj           0%         1d3       45%         1
 Pain                     Necr           0%         1d4       45%         1
 Sting                    Tmut/Pois      0%         1d3       45%         1
 Summon Small Mammal      Summ           0%         N/A       45%         1
 Call Imp                 Summ           0%         N/A       61%         2
 Slow                     Hex            0%         N/A       61%         2
 Conjure Flame            Conj/Fire      0%         6-21      83%         3
 Mephitic Cloud           Conj/Pois/Air  0%         N/A       83%         3


Dungeon Overview and Level Annotations

Branches:
Dungeon (10/15)            Temple (1/1) D:7            Lair (1/6) D:9
  Sewer (visited)
    Orc: D:9-12

Altars:
Ashenzari
Dithmenos
Elyvilon
Fedhas
Gozag
Hepliaklqana
Kikubaaqudgha
Makhleb
Nemelex Xobeh
Okawaru
Qazlal
Ru
Sif Muna
Trog
Uskayaw
Vehumet
Wu Jian
Xom
Yredelemnul
Zin
The Shining One

Annotations:
D:8 2 runed translucent doors, exclusion: orange crystal statue


Innate Abilities, Weirdness & Mutations

You have large cloven feet.
You are mostly covered in icy blue scales. (AC +3)
You regenerate magic rapidly.
Spells you cast may paralyse nearby enemies.


Message History

As you read the scroll of teleportation, it crumbles to dust.
You feel strangely unstable. You block something's attack.
The troll barely misses you. The troll claws you.
* * * LOW HITPOINT WARNING * * *
The troll claws you but does no damage.
You take 2 damage, and have 27/90 hp.
Something hits you but does no damage. You block the troll's attack.
The troll claws you!
* * * LOW HITPOINT WARNING * * *
You block the troll's attack.
You take 11 damage, and have 16/90 hp.
Something hits you!
* * * LOW HITPOINT WARNING * * *
You take 9 damage, and have 7/90 hp.
Something hits you.
* * * LOW HITPOINT WARNING * * *
You take 5 damage, and have 2/90 hp.
You feel better.
Your surroundings suddenly seem different.
A two-headed ogre comes into view.
It is wielding a +0 giant spiked club and a +0 giant club.
The two-headed ogre shouts in stereo!
A two-headed ogre comes into view. It is wielding two +0 dire flails.
The two-headed ogre shouts in stereo!
A wolf spider comes into view.
The wolf spider hisses angrily.
You hear a howl!
A wraith comes into view.
Something hits you but does no damage.
Found a dagger.
You regained 5 hp, and now have 7/90 hp.
You feel better. Something hits you but does no damage.
You regained 10 hp, and now have 17/90 hp.
As you read the scroll of teleportation, it crumbles to dust.
You feel strangely unstable. Something hits you.
* * * LOW HITPOINT WARNING * * *
You block the wolf spider's attack. x2; Something hits you but does no damage.
The two-headed ogre closely misses you.
The two-headed ogre hits you with a +0 giant club!
* * * LOW HITPOINT WARNING * * *
The wolf spider hits you!
You die...

# #.
#.###
#....
...
#.#..###
...
......##
...
#.OO)#
.##
#.W@.#
###
##..s#
###
####..
### ....
.## ...#
...
.....
... #...
... ..#
... ...


You could see a wolf spider, 2 two-headed ogres and a wraith.

Vanquished Creatures
  Gastronok (D:9)
  Harold (D:7)
  A two-headed ogre (D:9)
  A kobold demonologist (D:8)
  2 trolls
  A wraith (D:9)
  A shadow (D:9)
  9 yaks (D:9)
  A steam dragon (D:9)
  A water moccasin (D:7)
  4 orc warriors
  2 ice beasts
  2 ogres (D:6)
  2 phantoms
  A bullfrog (D:9)
  A kobold brigand (D:9)
  A gnoll sergeant (D:8)
  4 scorpions
  A water moccasin skeleton (D:4)
  5 killer bees
  3 wights (D:8)
  3 howler monkeys
  A bullfrog zombie (D:6)
  4 centaur zombies
  A bullfrog skeleton (D:5)
  4 orc priests (D:9)
  Crazy Yiuf (D:7)
  3 hounds
  2 jellies
  10 iguanas
  Jessica (D:2)
  4 orc wizards
  A killer bee zombie (D:6)
  3 hound skeletons
  5 gnolls
  11 adders
  A howler monkey skeleton (D:7)
  2 white imps
  An adder skeleton (D:4)
  A worm (D:2)
  A dart slug (D:5)
  30 orcs
  5 endoplasms
  4 giant cockroaches
  3 hobgoblins
  8 jackals
  13 kobolds
  5 quokkas
  9 ball pythons
  5 bats
  5 frilled lizards
  5 goblins
  7 rats
204 creatures vanquished.

Vanquished Creatures (collateral kills)
  An orc priest (D:3)
  An adder (D:5)
  2 gnolls (D:5)
  2 orcs
6 creatures vanquished.

Vanquished Creatures (others)
  2 jellies (D:5)
  7 plants (Sewer)
9 creatures vanquished.

Grand Total: 219 creatures vanquished

Notes
Turn   | Place    | Note
-------+----------+-------------------------------------------
     0 | D:1      | jasper the Demonspawn Artificer began the quest for the
                  | Orb.
     0 | D:1      | Reached XP level 1. HP: 15/15 MP: 1/1
   210 | D:1      | Reached skill level 1 in Unarmed Combat
   210 | D:1      | Gained mutation: You are partially covered in icy blue
                  | scales. (AC +2) [demonic ancestry]
   210 | D:1      | Reached XP level 2. HP: 21/21 MP: 2/2
  1018 | D:2      | Noticed Jessica
  1035 | D:2      | Killed Jessica
  1036 | D:2      | Reached XP level 3. HP: 16/28 MP: 3/3
  1473 | D:2      | Gained mutation: You have large cloven feet. [demonic
                  | ancestry]
  1473 | D:2      | Reached XP level 4. HP: 12/34 MP: 4/4
  2215 | D:3      | Identified First Steps in Thaumaturgy
  2316 | D:3      | Learned a level 1 spell: Apportation
  3290 | D:3      | Identified a scroll of acquirement
  3290 | D:3      | Acquired the amulet "Gerhum" {Spirit *Slow rN+ Str+3 Int+6}
  3505 | D:3      | Gained mutation: Spells you cast may paralyse adjacent
                  | enemies. [demonic ancestry]
  3505 | D:3      | Reached XP level 5. HP: 14/41 MP: 5/5
  4292 | D:4      | Reached XP level 6. HP: 43/48 MP: 6/6
  4345 | D:4      | Found a burning altar of Makhleb.
  4558 | D:4      | Learned a level 2 spell: Blink
  4792 | D:4      | Reached skill level 5 in Fighting
  4940 | D:5      | Entered Level 5 of the Dungeon
  4990 | D:5      | Reached XP level 7. HP: 43/56 MP: 7/7
  5615 | D:5      | Reached skill level 5 in Unarmed Combat
  5840 | D:5      | You fall into a shaft and drop 3 floors!
  5996 | D:7      | Noticed Harold
  6056 | D:6      | Found a glowing drain.
  6095 | Sewer    | Entered a sewer
  7511 | D:5      | Gained mutation: You are mostly covered in icy blue scales.
                  | (AC +3) [demonic ancestry]
  7511 | D:5      | Reached XP level 8. HP: 60/65 MP: 8/8
  8405 | D:6      | Found a broken altar of Ashenzari.
  8407 | D:6      | Found a shimmering blue altar of Sif Muna.
  8407 | D:6      | Found a sparkling altar of Nemelex Xobeh.
  8507 | D:6      | Found a shimmering altar of Xom.
  8507 | D:6      | Found a hazy altar of Hepliaklqana.
  8507 | D:6      | Found a broken altar of Ashenzari.
  8942 | D:7      | Killed Harold
  8943 | D:7      | Gained mutation: You regenerate magic rapidly. [demonic
                  | ancestry]
  8943 | D:7      | Reached XP level 9. HP: 75/75 MP: 9/9
  9108 | D:7      | Found a staircase to the Ecumenical Temple.
  9153 | Temple   | Entered the Ecumenical Temple
  9412 | D:7      | Found a sacrificial altar of Ru.
  9728 | D:7      | Found a runed translucent door.
  9729 | D:7      | Noticed Crazy Yiuf
  9857 | D:7      | Killed Crazy Yiuf
 10080 | D:8      | Found an opulent altar of Gozag.
 10419 | D:8      | Found a runed translucent door.
 10430 | D:8      | Paralysed by a wight for 4 turns
 10441 | D:8      | Paralysed by a wight for 3 turns
 10739 | D:8      | Noticed a troll
 10745 | D:8      | Killed a troll
 10749 | D:8      | Found an ornate altar of the Wu Jian Council.
 10749 | D:8      | Found a sparkling altar of Nemelex Xobeh.
 10750 | D:8      | Found a radiant altar of Vehumet.
 10752 | D:8      | Found a broken altar of Ashenzari.
 10760 | D:8      | Acquired the +0 helmet of Laut {rF+ rCorr MP-9}
 10831 | D:8      | Found a runed translucent door.
 10836 | D:8      | Found the +10 tower shield of Ignorance {rN+ Int-4}
 10858 | D:8      | Noticed an orange crystal statue
 11699 | D:9      | Reached skill level 10 in Fighting
 11753 | D:9      | Noticed Gastronok
 11790 | D:9      | Killed Gastronok
 11791 | D:9      | Reached skill level 10 in Unarmed Combat
 11791 | D:9      | Reached XP level 10. HP: 84/85 MP: 9/13
 12252 | D:9      | Reached skill level 1 in Translocations
 12362 | D:9      | Noticed an orange demon
 12500 | D:8      | Reached skill level 5 in Invocations
 12732 | D:9      | Found a staircase to the Lair.
 12754 | D:9      | Noticed a two-headed ogre
 12768 | D:9      | Killed a two-headed ogre
 13986 | Lair:1   | Entered Level 1 of the Lair of Beasts
 14005 | D:10     | Entered Level 10 of the Dungeon
 14099 | D:9      | Gained mutation: Spells you cast may paralyse nearby
                  | enemies. [demonic ancestry]
 14099 | D:9      | Reached XP level 11. HP: 30/90 MP: 7/16
 14765 | D:10     | Found an ancient bone altar of Kikubaaqudgha.
 14803 | D:10     | HP: 2/90 [something (5)]
 14804 | D:10     | Noticed a two-headed ogre
 14804 | D:10     | Noticed a two-headed ogre
 14804 | D:10     | Noticed a wolf spider
 14806 | D:10     | Mangled by a wolf spider

Illustrated notes

Levels and vault maps discovered:
D:1:      minmay_arrival_four_houses, layout_basic
D:2:      layout_loops_ring, basic_altar, uniq_jessica
D:3:      layout_basic
D:4:      layout_rooms, lemuel_doored_altar
D:5:      layout_loops_cross, grunt_ministairs_14
D:6:      layout_basic, doesnt_xom_only_xom, cheibrodos_sewer_entry_drain,
          chequers_mini_garden
D:7:      layout_basic, pf_just_have_faith, temple_pool_b,
          minmay_strange_pillars, grunt_decor_arrowhead,
          uniq_crazy_yiuf_cottage, uniq_harold
D:8:      layout_basic, general_overflow_altar, kennysheep_mini,
          grunt_temple_overflow_cloverleaf, chequers_guarded_unrand_ignorance
D:9:      layout_basic, lair_entry_dummy, uniq_gastronok
D:10:     layout_big_octagon, lemuel_coloured_pillars_altar,
          lemuel_crystal_altar, minmay_bent
Temple:   grunt_temple_mini_profane
Lair:1:   layout_roguey, beast_lair_carwin_4, minmay_lair_oklob_chamber,
          grunt_megastairs_2

Skill      XL: |  1  2  3  4  5  6  7  8  9 10 11 |
---------------+----------------------------------+-----
Unarmed Combat | 1 2 3 4 5 7 10 | 10.0
Fighting       | 2 3 4 5 6 8 10 | 10.0
Dodging        | 3 4 |  4.8
Invocations    | 4 7 8 |  8.2
Translocations | 3 |  3.4
Armour         | |  1.7
Stealth        | |  0.8
Evocations     | |  3.0

Action                   |  1- 3 |  4- 6 |  7- 9 | 10-12 || total
-------------------------+-------+-------+-------+-------++-------
Melee: Club              |    54 |       |       |       ||    54
       Unarmed           |    36 |   226 |   476 |   231 ||   969
       Kick              |       |    46 |    69 |       ||   115
       Punch             |       |     2 |    10 |    16 ||    28
Throw: Dart              |    11 |    49 |    22 |       ||    82
       Stone             |       |     4 |     3 |       ||     7
       Boomerang         |       |       |    73 |    20 ||    93
Evoke: Wand              |    15 |     5 |    17 |     2 ||    39
       Phantom mirror    |       |       |       |     1 ||     1
       Tin of tremorston |       |       |       |     2 ||     2
  Use: Scroll            |       |     5 |    12 |     3 ||    20
       Potion            |       |     5 |     5 |     5 ||    15
 Stab: Sleeping          |     1 |       |       |       ||     1
       Betrayed ally     |       |     1 |       |       ||     1
       Paralysed         |       |       |     9 |       ||     9
Armor: Ring mail         |    40 |    90 |   157 |   113 ||   400
       Skin              |       |       |     7 |       ||     7
Dodge: Dodged            |    51 |   124 |   145 |   120 ||   440
Block: Other             |       |    38 |    86 |    48 ||   172
       Reflection        |       |       |     2 |       ||     2

Table legend: (Time is in decaauts)
 A = Elapsed time spent in this place.
 B = Non-inter-level travel time spent in this place.
 C = Inter-level travel time spent in this place.
 D = Time resting spent in this place.
 E = Time spent auto-exploring this place.
 F = Levels seen in this place.
 G = Mean time per level.
                   A        B        C        D        E       F      G
               +--------+--------+--------+--------+--------+-----+--------+
         Total |  14887 |  14179 |    708 |   3374 |   8365 |  13 | 1145.2 |
       Dungeon |  13810 |  13139 |    671 |   3332 |   7500 |  10 | 1381.0 |
        Temple |    218 |    181 |     37 |      0 |    180 |   1 |  218.0 |
          Lair |      1 |      1 |      0 |      0 |      0 |   1 |    1.0 |
         Sewer |    856 |    856 |      0 |     42 |    684 |   1 |  856.0 |
               +--------+--------+--------+--------+--------+-----+--------+

Top non-repeatable levels by time:
     D:9: 2608 daAuts
     D:3: 1832 daAuts
     D:8: 1808 daAuts
     D:5: 1693 daAuts
     D:4: 1246 daAuts
     D:7: 1226 daAuts
     D:2: 1193 daAuts
     D:6: 1000 daAuts
     D:1: 985 daAuts
   Sewer: 856 daAuts
  Temple: 218 daAuts
    D:10: 216 daAuts
  Lair:1: 1 daAuts
